TOP OF THE 1ST |
Phoenix Hotspur batting - Pitching for Grafton Middies : RHP António Marés
|
Pitching: RHP António Marés
|
|
Batting: LHB Arthur Ryan
|
0-0: Ball 1-0: Ball 2-0: Ball 3-0: Base on Balls
|
Batting: LHB Shojiro Ueda
|
0-0: Called Strike 0-1: Ball 1-1: Ball 2-1: SINGLE (Line Drive, 8LS) Arthur Ryan to second
|
Batting: RHB Raúl Robles
|
0-0: Ball 1-0: Called Strike 1-1: Foul Ball, location: 2F 1-2: Grounds into double play, 6-4-3 (Groundball, 6M) Arthur Ryan to third
|
Batting: RHB Martín Martínez
|
0-0: Ball 1-0: Swinging Strike 1-1: Ball 2-1: Swinging Strike 2-2: Strikes out looking
|
Top of the 1st over - 0 run(s), 1 hit(s), 0 error(s), 1 left on base; Phoenix 0 - Grafton 0 |
BOTTOM OF THE 1ST |
Grafton Middies batting - Pitching for Phoenix Hotspur : RHP Pedro Valdéz
|
Pitching: RHP Pedro Valdéz
|
|
Batting: RHB Pedro Santos
|
0-0: Foul Ball, location: 2F 0-1: Ball 1-1: Foul Ball, location: 2F 1-2: Ground out 6-3 (Groundball, 6)
|
Batting: SHB Jorge Colomo
|
0-0: Swinging Strike 0-1: Foul Ball, location: 2F 0-2: Strikes out swinging
|
Batting: LHB Mario Ramos
|
0-0: Ground out 4-3 (Groundball, 4)
|
Bottom of the 1st over - 0 run(s), 0 hit(s), 0 error(s), 0 left on base; Phoenix 0 - Grafton 0 |
TOP OF THE 2ND |
Phoenix Hotspur batting - Pitching for Grafton Middies : RHP António Marés
|
Batting: SHB Roberto López
|
0-0: Called Strike 0-1: Ball 1-1: Swinging Strike 1-2: Strikes out swinging
|
Batting: RHB Randy Rehling
|
0-0: Ball 1-0: Ball 2-0: Called Strike 2-1: Ground out 4-3 (Groundball, 4)
|
Batting: RHB Gabriel Pérez
|
0-0: Swinging Strike 0-1: Foul Ball, location: 2F 0-2: Strikes out looking
|
Top of the 2nd over - 0 run(s), 0 hit(s), 0 error(s), 0 left on base; Phoenix 0 - Grafton 0 |
BOTTOM OF THE 2ND |
Grafton Middies batting - Pitching for Phoenix Hotspur : RHP Pedro Valdéz
|
Batting: RHB Stefano Gaddi
|
0-0: Swinging Strike 0-1: Foul Ball, location: 2F 0-2: Ball 1-2: Ball 2-2: Strikes out looking
|
Batting: RHB Ramón Gómez
|
0-0: Foul Ball, location: 2F 0-1: Ball 1-1: Swinging Strike 1-2: Strikes out swinging
|
Batting: LHB Ramón Rivera
|
0-0: Called Strike 0-1: Ball 1-1: Swinging Strike 1-2: Ball 2-2: Strikes out swinging
|
Bottom of the 2nd over - 0 run(s), 0 hit(s), 0 error(s), 0 left on base; Phoenix 0 - Grafton 0 |
TOP OF THE 3RD |
Phoenix Hotspur batting - Pitching for Grafton Middies : RHP António Marés
|
Batting: RHB Ángel Rivera
|
0-0: Called Strike 0-1: Swinging Strike 0-2: Ball 1-2: DOUBLE (Flyball, 7D)
|
Batting: RHB Ben Anderson
|
0-0: Called Strike 0-1: Swinging Strike 0-2: Strikes out swinging
|
Batting: LHB Arthur Ryan
|
0-0: Ball Balk! Ángel Rivera to third 1-0: Ball 2-0: Foul Ball, location: 2F 2-1: Ball 3-1: Fly out, F9 (Flyball, 9S)
|
Batting: LHB Shojiro Ueda
|
0-0: Foul Ball, location: 2F 0-1: Ball 1-1: Swinging Strike 1-2: Ball 2-2: Fly out, F7 (Flyball, 78M)
|
Top of the 3rd over - 0 run(s), 1 hit(s), 0 error(s), 1 left on base; Phoenix 0 - Grafton 0 |
BOTTOM OF THE 3RD |
Grafton Middies batting - Pitching for Phoenix Hotspur : RHP Pedro Valdéz
|
Batting: RHB Dave Ash
|
0-0: Called Strike 0-1: Foul Ball, location: 2F 0-2: Ball 1-2: Ball 2-2: Hit by Pitch
|
Batting: SHB Jack MacAsgill
|
0-0: Ball 1-0: Foul Ball, location: 2F 1-1: Called Strike 1-2: Ball 2-2: Fielders Choice at 2nd, 1-6 (Groundball, 13)
|
Batting: LHB Lawrence Washington
|
0-0: Called Strike 0-1: Ball 1-1: Ball 2-1: Ball 3-1: Called Strike 3-2: Grounds into double play, 6-4-3 (Groundball, 6)
|
Bottom of the 3rd over - 0 run(s), 0 hit(s), 0 error(s), 0 left on base; Phoenix 0 - Grafton 0 |
TOP OF THE 4TH |
Phoenix Hotspur batting - Pitching for Grafton Middies : RHP António Marés
|
Batting: RHB Raúl Robles
|
0-0: Called Strike 0-1: Called Strike 0-2: Ball 1-2: Ball 2-2: Ball 3-2: Foul Ball, location: 2F 3-2: Strikes out swinging
|
Batting: RHB Martín Martínez
|
0-0: Called Strike 0-1: Fly out, F6 (Popup, 6D)
|
Batting: SHB Roberto López
|
0-0: Called Strike 0-1: Foul Ball, location: 2F 0-2: Ball 1-2: Foul Ball, location: 2F 1-2: Strikes out looking
|
Top of the 4th over - 0 run(s), 0 hit(s), 0 error(s), 0 left on base; Phoenix 0 - Grafton 0 |
BOTTOM OF THE 4TH |
Grafton Middies batting - Pitching for Phoenix Hotspur : RHP Pedro Valdéz
|
Batting: RHB Pedro Santos
|
0-0: Ball 1-0: Ball 2-0: Ball 3-0: Called Strike 3-1: Swinging Strike 3-2: Foul Ball, location: 2F 3-2: Foul Ball, location: 2F 3-2: Base on Balls
|
Batting: SHB Jorge Colomo
|
0-0: Swinging Strike 0-1: Ball 1-1: DOUBLE (Flyball, 78M) Pedro Santos to third
|
Batting: LHB Mario Ramos
|
0-0: Fly out, F5 (Popup, 56S)
|
Batting: RHB Stefano Gaddi
|
0-0: Ball 1-0: Swinging Strike 1-1: Foul Ball, location: 2F 1-2: Strikes out swinging
|
Batting: RHB Ramón Gómez
|
0-0: Foul Ball, location: 2F 0-1: Ground out 5-3 (Groundball, 5)
|
Bottom of the 4th over - 0 run(s), 1 hit(s), 0 error(s), 2 left on base; Phoenix 0 - Grafton 0 |
TOP OF THE 5TH |
Phoenix Hotspur batting - Pitching for Grafton Middies : RHP António Marés
|
Batting: RHB Randy Rehling
|
0-0: Ball 1-0: Ball 2-0: Foul Ball, location: 2F 2-1: Ball 3-1: Called Strike 3-2: Base on Balls
|
Batting: RHB Gabriel Pérez
|
0-0: Ball 1-0: Foul Ball, location: 2F 1-1: Ball 2-1: Ball 3-1: Base on Balls Randy Rehling to second
|
Batting: RHB Ángel Rivera
|
0-0: Reached on error, E5 (Groundball, 56S) Randy Rehling scores Gabriel Pérez to third
|
Batting: RHB Ben Anderson
|
0-0: Ground out 5-3 (Groundball, 56) Gabriel Pérez scores
|
Batting: LHB Arthur Ryan
|
0-0: Ball 1-0: Swinging Strike 1-1: Ball Passed Ball! Ángel Rivera to third 2-1: Ball 3-1: Base on Balls
|
Batting: LHB Shojiro Ueda
|
0-0: Called Strike 0-1: Ball 1-1: Foul Ball, location: 2F 1-2: Strikes out swinging
|
Batting: RHB Raúl Robles
|
0-0: Ball 1-0: Ball 2-0: Ball Arthur Ryan steals 2nd base 3-0: Called Strike 3-1: Ground out 1-3 (Groundball, 15)
|
Top of the 5th over - 2 run(s), 0 hit(s), 1 error(s), 2 left on base; Phoenix 2 - Grafton 0 |
BOTTOM OF THE 5TH |
Grafton Middies batting - Pitching for Phoenix Hotspur : RHP Pedro Valdéz
|
Batting: LHB Ramón Rivera
|
0-0: Foul Ball, location: 2F 0-1: Ball 1-1: Ball 2-1: Called Strike 2-2: Foul Ball, location: 2F 2-2: Foul Ball, location: 2F 2-2: Ball 3-2: Base on Balls
|
Batting: RHB Dave Ash
|
0-0: Ball 1-0: Ball 2-0: Bunted foul 2-1: Sac Bunt - play at first, batter OUT! 6-4 Ramón Rivera to second
|
Batting: SHB Jack MacAsgill
|
0-0: Ball 1-0: Ball 2-0: Called Strike 2-1: SINGLE (Line Drive, 78S) Ramón Rivera to third Runner from 3rd tries for Home, throw and OUT! Jack MacAsgill to second
|
Batting: LHB Lawrence Washington
|
0-0: Ball 1-0: Called Strike 1-1: Foul Ball, location: 2F 1-2: SINGLE (Line Drive, 7LS) Jack MacAsgill to third Runner from 3rd tries for Home, SAFE, no throw or cutoff
|
Pitching: LHP Jeff Burrell
|
|
Batting: RHB Pedro Santos
|
0-0: Called Strike 0-1: Foul Ball, location: 2F 0-2: Ball 1-2: Foul Ball, location: 2F 1-2: Ball 2-2: Fly out, F3 (Popup, 23F)
|
Bottom of the 5th over - 1 run(s), 2 hit(s), 0 error(s), 1 left on base; Phoenix 2 - Grafton 1 |
TOP OF THE 6TH |
Phoenix Hotspur batting - Pitching for Grafton Middies : RHP António Marés
|
Batting: RHB Martín Martínez
|
0-0: Called Strike 0-1: Foul Ball, location: 2F 0-2: Strikes out swinging
|
Batting: SHB Roberto López
|
0-0: Ball 1-0: Ball 2-0: Ball 3-0: Called Strike 3-1: Swinging Strike 3-2: Base on Balls
|
Batting: RHB Randy Rehling
|
0-0: Ball 1-0: Called Strike 1-1: Ground out 5-3 (Groundball, 56S) Roberto López to second
|
Batting: RHB Gabriel Pérez
|
0-0: Called Strike 0-1: Ball 1-1: Swinging Strike 1-2: Strikes out swinging
|
Top of the 6th over - 0 run(s), 0 hit(s), 0 error(s), 1 left on base; Phoenix 2 - Grafton 1 |
BOTTOM OF THE 6TH |
Grafton Middies batting - Pitching for Phoenix Hotspur : LHP Jeff Burrell
|
Batting: SHB Jorge Colomo
|
0-0: Foul Ball, location: 2F 0-1: Fly out, F8 (Flyball, 8RM)
|
Batting: LHB Mario Ramos
|
0-0: Ball 1-0: Foul Ball, location: 2F 1-1: Hit by Pitch
|
Batting: RHB Stefano Gaddi
|
0-0: Called Strike 0-1: Called Strike 0-2: Ball 1-2: Strikes out swinging
|
Batting: RHB Ramón Gómez
|
0-0: Called Strike 0-1: Ball 1-1: Hit by Pitch Mario Ramos to second
|
Batting: LHB Ramón Rivera
|
0-0: Fly out, F7 (Flyball, 7LM)
|
Bottom of the 6th over - 0 run(s), 0 hit(s), 0 error(s), 2 left on base; Phoenix 2 - Grafton 1 |
TOP OF THE 7TH |
Phoenix Hotspur batting - Pitching for Grafton Middies : RHP António Marés
|
Batting: RHB Ángel Rivera
|
0-0: Ball 1-0: Called Strike 1-1: Foul Ball, location: 2F 1-2: Ground out 6-3 (Groundball, 6MS)
|
Batting: RHB Ben Anderson
|
0-0: Called Strike 0-1: SINGLE (Line Drive, 8LS)
|
Batting: LHB Arthur Ryan
|
0-0: Fly out, F9 (Flyball, 89M)
|
Batting: LHB Shojiro Ueda
|
0-0: Ball 1-0: Ball 2-0: Swinging Strike 2-1: Foul Ball, location: 2F 2-2: SINGLE (Groundball, 3L) Ben Anderson to second Runner from 2nd tries for 3rd, OUT!
|
Top of the 7th over - 0 run(s), 2 hit(s), 0 error(s), 1 left on base; Phoenix 2 - Grafton 1 |
BOTTOM OF THE 7TH |
Grafton Middies batting - Pitching for Phoenix Hotspur : LHP Jeff Burrell
|
Batting: RHB Dave Ash
|
0-0: Called Strike 0-1: Foul Ball, location: 2F 0-2: Ball 1-2: Ball 2-2: Ball 3-2: Foul Ball, location: 2F 3-2: Base on Balls
|
Batting: SHB Jack MacAsgill
|
0-0: Sac Bunt - play at first, batter OUT! 1-4 Dave Ash to second
|
Pinch Hitting: RHB Wes Bradley
|
0-0: Ball 1-0: Foul Ball, location: 2F 1-1: Ball 2-1: Ball 3-1: Swinging Strike 3-2: Fly out, F9 (Flyball, 89M)
|
Batting: RHB Pedro Santos
|
0-0: Foul Ball, location: 2F 0-1: Foul Ball, location: 2F 0-2: Ball 1-2: Ball 2-2: Foul Ball, location: 2F 2-2: Ball 3-2: Base on Balls
|
Batting: SHB Jorge Colomo
|
0-0: Ball 1-0: Called Strike 1-1: Ball 2-1: Ground out 6-3 (Groundball, 56)
|
Bottom of the 7th over - 0 run(s), 0 hit(s), 0 error(s), 2 left on base; Phoenix 2 - Grafton 1 |
TOP OF THE 8TH |
Phoenix Hotspur batting - Pitching for Grafton Middies : RHP António Marés
|
Now at SS: Wes Bradley
|
|
Batting: RHB Raúl Robles
|
0-0: Called Strike 0-1: Swinging Strike 0-2: Foul Ball, location: 2F 0-2: Ball 1-2: Ball 2-2: Foul Ball, location: 2F 2-2: SINGLE (Groundball, 56D)
|
Pitching: RHP Domingo Álvarez
|
|
Batting: RHB Martín Martínez
|
0-0: Swinging Strike 0-1: Ball 1-1: Swinging Strike 1-2: Ball 2-2: Strikes out looking
|
Batting: SHB Roberto López
|
0-0: Ball 1-0: Ball 2-0: Ball 3-0: Called Strike 3-1: Called Strike 3-2: Strikes out swinging
|
Batting: RHB Randy Rehling
|
0-0: Ball 1-0: Ball 2-0: Ball 3-0: Base on Balls Raúl Robles to second
|
Batting: RHB Gabriel Pérez
|
0-0: Fly out, F7 (Line Drive, 7M)
|
Top of the 8th over - 0 run(s), 1 hit(s), 0 error(s), 2 left on base; Phoenix 2 - Grafton 1 |
BOTTOM OF THE 8TH |
Grafton Middies batting - Pitching for Phoenix Hotspur : LHP Jeff Burrell
|
Batting: LHB Mario Ramos
|
0-0: Fly out, F8 (Flyball, 89XD)
|
Pitching: RHP Jaime van de Weideven
|
|
Batting: RHB Stefano Gaddi
|
0-0: Called Strike 0-1: Swinging Strike 0-2: Ball 1-2: Strikes out swinging
|
Batting: RHB Ramón Gómez
|
0-0: DOUBLE (Flyball, 9LD)
|
Batting: LHB Ramón Rivera
|
0-0: Ball 1-0: Ball 2-0: Called Strike 2-1: Ball 3-1: Swinging Strike 3-2: DOUBLE (Line Drive, 7LS) Ramón Gómez scores
|
Batting: RHB Dave Ash
|
0-0: Ball 1-0: Called Strike 1-1: Foul Ball, location: 2F 1-2: Strikes out looking
|
Bottom of the 8th over - 1 run(s), 2 hit(s), 0 error(s), 1 left on base; Phoenix 2 - Grafton 2 |
TOP OF THE 9TH |
Phoenix Hotspur batting - Pitching for Grafton Middies : RHP Domingo Álvarez
|
Pitching: RHP Lynwood Matos
|
|
Batting: RHB Ángel Rivera
|
0-0: Called Strike 0-1: Ball 1-1: Ball 2-1: Foul Ball, location: 2F 2-2: Foul Ball, location: 2F 2-2: Foul Ball, location: 2F 2-2: Strikes out looking
|
Batting: RHB Ben Anderson
|
0-0: SINGLE (Groundball, 4MD)
|
Batting: LHB Arthur Ryan
|
Pickoff Throw to First - Out! 0-0: Ball 1-0: Ball 2-0: Foul Ball, location: 2F 2-1: Ball 3-1: Foul Ball, location: 2F 3-2: Foul Ball, location: 2F 3-2: Foul Ball, location: 2F 3-2: Foul Ball, location: 2F 3-2: Fly out, F6 (Popup, 6M)
|
Top of the 9th over - 0 run(s), 1 hit(s), 0 error(s), 0 left on base; Phoenix 2 - Grafton 2 |
BOTTOM OF THE 9TH |
Grafton Middies batting - Pitching for Phoenix Hotspur : RHP Jaime van de Weideven
|
Pitching: RHP Bruce Hamilton
|
|
Batting: SHB Jack MacAsgill
|
0-0: Ball 1-0: Ball 2-0: Ball 3-0: Called Strike 3-1: Foul Ball, location: 2F 3-2: Fly out, F6 (Popup, 6D)
|
Batting: RHB Wes Bradley
|
0-0: Foul Ball, location: 2F 0-1: Foul Ball, location: 2F 0-2: SINGLE (Line Drive, 8LS)
|
Batting: RHB Pedro Santos
|
0-0: Called Strike 0-1: SINGLE (Line Drive, 34) Wes Bradley to second Runner from 2nd tries for 3rd, SAFE, no throw or cutoff
|
Batting: SHB Jorge Colomo
|
0-0: Ball 1-0: Foul Ball, location: 2F 1-1: Ground out 3-1 (Groundball, 34) Pedro Santos to second
|
Batting: LHB Mario Ramos
|
0-0: Called Strike 0-1: SINGLE (Groundball, 34D) Wes Bradley scores
|
|